Map: Coda LE

Players

MaximusBlack - Winner!

  • Race: Protoss Protoss
  • Spawn Location: 5:00

Kantuva

  • Race: Zerg Zerg
  • Spawn Location: 11:00

VOD

Have the link to the VOD?

Description

Time

  • Played on: April 1, 2015, 2:51 a.m.
  • Length: 6:02
Show
View Real Time Build Order
Export as new Build Order

MaximusBlack Protoss - Winner!

Build Orders:  

Get SALT Encoding   

  12  0:02  Probe  
  14  0:14  Probe  
  14  0:21  Pylon  
  14  0:35  Assimilator  
  14  0:40  Probe (Chrono Boost)  
  15  0:43  Gateway  
  16  0:51  Probe (Chrono Boost)  
  16  1:00  Probe (Chrono Boost)  
  16  1:01  Pylon  
  18  1:12  Probe (Chrono Boost)  
  18  1:19  Probe (Chrono Boost)  
  19  1:30  Cybernetics Core  
  19  1:34  Probe (Chrono Boost)  
  22  1:45  Probe (Chrono Boost)  
  21  1:54  Nexus  
  21  2:00  Probe  
  22  2:07  Stalker (Chrono Boost)  
  24  2:08  Warp Gate  
  24  2:12  Probe  
  25  2:23  Pylon  
  25  2:24  Probe  
  26  2:37  Probe  
  27  2:44  Robotics Facility  
  27  2:49  Probe (Chrono Boost)  
  29  2:59  Gateway  
  29  3:00  Probe (Chrono Boost)  
  29  3:03  Gateway  
  29  3:10  Mothership Core  
  30  3:28  Pylon x2  
  30  3:38  Immortal (Chrono Boost)  
  30  3:40  Probe (Chrono Boost)  
  35  3:48  Gateway, Probe (Chrono Boost)  
  36  3:52  Probe (Chrono Boost)  
  37  4:04  Gateway  
  37  4:08  Immortal (Chrono Boost)  
  41  4:11  Gateway  
  41  4:21  Gateway  
  41  4:27  Probe x2  
  41  4:30  Zealot x2  
  47  4:39  Probe  
  47  4:41  Warp Prism (Chrono Boost)  
  47  4:44  Pylon  
  50  4:49  Probe  
  51  4:55  Zealot  
  51  4:56  Pylon  
  51  4:58  Zealot, Pylon  
  55  5:01  Zealot  
  55  5:06  Zealot  
  59  5:08  Zealot  
  61  5:32  Pylon  
  61  5:36  Stalker, Zealot x4  
  61  5:37  Stalker  
  73  5:47  Zealot  
Show
View Real Time Build Order
Export as new Build Order

Kantuva Zerg 

Build Orders: Hatch First 

Get SALT Encoding   

  12  0:01  Drone  
  13  0:15  Overlord  
  13  0:23  Drone  
  14  0:35  Drone  
  14  0:36  Drone  
  16  0:51  Hatchery  
  16  0:55  Drone  
  16  0:59  Drone  
  16  1:03  Drone  
  18  1:20  Spawning Pool  
  18  1:24  Drone  
  18  1:33  Drone  
  18  1:34  Extractor  
  18  1:40  Overlord  
  18  1:47  Drone  
  19  2:02  Drone  
  20  2:08  Queen  
  20  2:09  Queen  
  20  2:10  Zergling x4  
  26  2:18  Drone x2  
  28  2:31  Drone x2  
  30  2:38  Metabolic Boost  
  30  2:51  Zergling x8  
  34  3:04  Overlord  
  34  3:22  Hatchery  
  33  3:27  Drone x4  
  33  3:28  Drone x4  
  41  3:37  Drone x3  
  44  3:44  Overlord  
  44  3:46  Overlord  
  44  4:02  Queen x2  
  44  4:09  Drone x2  
  53  4:10  Drone x8  
  57  4:17  Roach Warren  
  57  4:20  Extractor  
  55  4:26  Overlord  
  55  4:27  Overlord  
  55  4:29  Extractor x2  
  53  4:44  Lair  
  53  4:51  Overlord x2  
  53  5:01  Roach  
  53  5:02  Roach x8  
  71  5:12  Spore Crawler, Spine Crawler  
  69  5:18  Drone x7  
  77  5:28  Ravager x2  
  77  5:29  Ravager  
  77  5:31  Overlord x2  
  78  5:42  Roach x4  
  88  5:43  Roach  
Tags
 
Matchup
PvZ
Spawn Locations
Cross Positions
Add a new tag
Caveats
  • Supply blocks, unpowered buildings, or Contaminate may cause inaccurate times.
  • Supply counts are checked every 10 seconds.